 Dungeon Crawl Stone Soup version 0.25-a0-424-g80bd347ae0 (webtiles) character file.

Game seed: 1407613181355340226, levelgen mode: deterministic

12689 Essalna the Geomancer (level 11, -2/66 HPs)
             Began as a Gargoyle Earth Elementalist on Jan 20, 2020.
             Was an Elder of Vehumet.
             Slain by Urug
             ... wielding a +3 vorpal great mace
              (24 damage)
             ... on level 10 of the Dungeon.
             The game lasted 00:44:31 (11715 turns).

Essalna the Geomancer (GrEE)                       Turns: 11715, Time: 00:44:32

Health: -2/66      AC: 23    Str: 16    XL:     11   Next: 97%
Magic:  4/39       EV: 14    Int: 19    God:    Vehumet [****..]
Gold:   751        SH:  0    Dex: 10    Spells: 17/28 levels left

rFire    . . .     SeeInvis +   g - staff of power
rCold    . . .     Gourm    .   (no shield)
rNeg     + . .     Faith    .   B - +5 robe of Ocsec Mao {rElec Str+4}
rPois    ∞         Spirit   .   l - +1 helmet {SInv}
rElec    +         Reflect  .   (no cloak)
rCorr    .         Harm     .   y - +0 pair of gloves
MR       .....                  (no boots)
Stlth    ++........             (no amulet)
HPRegen  0.21/turn              j - ring of see invisible
MPRegen  0.26/turn              C - +4 ring of protection

@: no status effects
A: negative energy resistance 1, electricity resistance, unbreathing,
petrification resistance, rot immunity, AC +8
a: Renounce Religion


You were on level 10 of the Dungeon.
You worshipped Vehumet.
Vehumet was greatly pleased with you.
You were hungry.

You visited 2 branches of the dungeon, and saw 11 of its levels.

You collected 751 gold pieces.

Inventory:

Hand Weapons
 a - a +0 spear
 w - a +1 whip of holy wrath
 E - the cursed +1 spear of the Unseen Realm {flame, rElec, unknown}
   (You found it on level 8 of the Dungeon)

   It has been specially enchanted to burn those struck by it, causing extra
   injury to most foes and up to half again as much damage against particularly
   susceptible opponents.
   It insulates you from electricity.
   It has a curse placed upon it.
Missiles
 b - 222 stones (quivered)
Armour
 c - a +0 robe
 l - a +1 helmet of see invisible (worn)
 v - a +0 troll leather armour
 y - a +0 pair of gloves (worn)
 B - the +5 robe of Ocsec Mao (worn) {rElec Str+4}
   (You found it on level 9 of the Dungeon)

   It affects your strength (+4).
   It insulates you from electricity.
Magical Staves
 g - an uncursed staff of power (weapon)
Jewellery
 j - a ring of see invisible (left hand)
 C - a +4 ring of protection (right hand)
Wands
 o - a wand of paralysis (6)
 x - a wand of acid (5)
 I - a wand of flame (12)
Scrolls
 e - 2 scrolls of enchant weapon
 f - 5 scrolls of identify
 h - 4 scrolls of blinking
 k - a scroll of amnesia
 m - 5 scrolls of remove curse
 n - 3 scrolls of teleportation
 r - a scroll of fog
 A - a scroll of holy word {unknown}
 F - a scroll of fear
Potions
 i - 2 potions of haste
 p - 5 potions of mutation
 q - a potion of heal wounds
 s - 2 potions of magic
 t - 2 potions of degeneration
 u - 2 potions of might
 z - 3 potions of curing
 D - a potion of flight {unknown}
 G - a potion of berserk rage {unknown}
Comestibles
 d - 25 rations
 H - 6 chunks of flesh


   Skills:
 + Level 6.6 Fighting
 + Level 6.8 Armour
 + Level 5.5 Dodging
 - Level 2.1 Stealth
 + Level 9.4 Spellcasting
 + Level 6.7 Conjurations
 - Level 0.7 Transmutations
 + Level 12.2 Earth Magic


You had 17 spell levels left.
You knew the following spells:

 Your Spells              Type           Power        Failure   Level  Hunger
a - Sandblast             Erth           ######       1%          1    None
b - Stone Arrow           Conj/Erth      #####.       1%          3    None
c - Lee's Rapid Deconstr  Erth           ######....   1%          5    #####..
d - Passwall              Tmut/Erth      ####....     1%          2    None

Your spell library contained the following spells:

 Spells                   Type           Power        Failure   Level  Hunger
 Bolt of Magma            Conj/Fire/Erth ####......   4%          5    #####..
 Magic Dart               Conj           ####         1%          1    None
 Conjure Flame            Conj/Fire      ###.....     1%          3    None
 Freeze                   Ice            #...         2%          1    None
 Mephitic Cloud           Conj/Pois/Air  ###.....     2%          3    None
 Hailstorm                Conj/Ice       ###.....     5%          4    ###....
 Petrify                  Tmut/Erth      ####....     5%          4    ###....
 Beastly Appendage        Tmut           ##....       6%          1    None
 Sticks to Snakes         Tmut           ##......     9%          2    None
 Blink                    Tloc           N/A          12%         2    None
 Call Imp                 Summ           #.......     12%         2    None
 Slow                     Hex            #.......     12%         2    None
 Spider Form              Tmut/Pois      ##........   21%         3    None
 Confusing Touch          Hex            #.......     24%         3    None
 Gell's Gravitas          Tloc           #.........   24%         3    None
 Ozocubu's Armour         Chrm/Ice       #.......     24%         3    None
 Yara's Violent Unravell  Hex/Tmut       ##........   41%         5    #####..
 Ice Form                 Ice/Tmut       ##......     56%         4    ###....
 Summon Ice Beast         Ice/Summ       #.......     61%         4    ###....
 Blade Hands              Tmut           ##........   85%         5    #####..
 Metabolic Englaciation   Hex/Ice        #.........   91%         5    #####..


Dungeon Overview and Level Annotations

Branches:
Dungeon (10/15)            Temple (1/1) D:6            Lair (0/6) D:10
    Orc: D:9-12

Altars:
Ashenzari
Cheibriados
Elyvilon
Gozag
Hepliaklqana
Kikubaaqudgha
Makhleb
Nemelex Xobeh
Qazlal
Ru
Sif Muna
Trog
Uskayaw
Vehumet
Wu Jian
Zin
The Shining One
Beogh

Shops:
D:8 (   D:9 :

Annotations:
D:10 Joseph, Urug


Innate Abilities, Weirdness & Mutations

You are resistant to torment.
Your stone body is resilient. (AC +8)
You are immune to poison.
You resist negative energy. (rN+)
You are resistant to electric shocks. (rElec)
You can survive without breathing.
You are immune to petrification.
You are immune to rotting.


Message History

Casting: Sandblast (safe; 1% risk of failure)
Confirm with . or Enter, or press ? or * to list all spells.
Aiming: Sandblast (safe; 1% risk of failure)
Press: ? - help, Shift-Dir - straight line, f/p - Urug
Aim: Urug, wielding a +3 vorpal great mace and wearing a +0 chain mail (almost dead)
The blast of sand hits Urug but does no damage.
Urug is almost dead.
b - 223 stones Urug squints and screams, "I know a harpy when I see one!"
Urug hits you with a +3 vorpal great mace.
Casting: Sandblast (safe; 1% risk of failure)
Confirm with . or Enter, or press ? or * to list all spells.
Aiming: Sandblast (safe; 1% risk of failure)
Press: ? - help, Shift-Dir - straight line, f/p - Urug
Aim: Urug, wielding a +3 vorpal great mace and wearing a +0 chain mail (almost dead)
The blast of sand hits Urug but does no damage.
Urug is almost dead.
b - 222 stones Urug hits you with a +3 vorpal great mace!!
You die...

###### .....# ### #.##.#
#>. #.##.# #.# #.##J# #.#
#.##.# #o#....@......
#.##.# #@#............
...#÷# #.#.............
##.#.#
######.#..............
#.#.#
#......#.............(
#.#.#
#....((#.(...........
##.#.#
#.....(#.............
...#.# #......#..........#
##.#.#
####.................# .
#.#.#
#....................###..


You could see Urug.

Vanquished Creatures
  Erica (D:10)
  2 two-headed ogres
  2 oklob plants (D:10)
  2 trolls
  5 slime creatures (D:10)
  Grinder (D:3)
  A hippogriff (D:10)
  9 yaks
  A wyvern (D:8)
  3 hogs (D:7)
  A human (D:7)
  A hungry ghost (D:10)
  5 orc warriors
  A water moccasin (D:6)
  3 ice beasts
  5 sky beasts
  4 ogres
  4 phantoms
  2 necrophages
  6 centaurs
  3 big kobolds
  12 bullfrogs
  A water moccasin zombie (D:8)
  3 scorpions
  5 howler monkeys
  3 wights (D:8)
  7 crimson imps
  2 centaur zombies
  3 bullfrog skeletons
  A bullfrog zombie (D:10)
  4 hounds
  A jelly (D:10)
  14 orc wizards
  A quasit (D:7)
  9 orc priests
  A centaur skeleton (D:5)
  2 iguanas
  Natasha (thrice) (D:2)
  8 worker ants
  2 killer bee zombies
  Robin (D:2)
  5 gnolls (D:8)
  10 adders
  4 shadow imps
  5 adder zombies
  3 adder skeletons
  3 worms
  2 dart slugs
  6 leopard geckos
  49 orcs
  A ball python (D:2)
  5 giant cockroaches
  15 goblins
  10 hobgoblins
  17 jackals
  7 quokkas
  5 bats
  8 frilled lizards
  15 kobolds
  A leopard gecko skeleton (D:8)
  7 rats
323 creatures vanquished.

Vanquished Creatures (others)
  2 plants (D:10)
2 creatures vanquished.

Grand Total: 325 creatures vanquished

Notes
Turn   | Place    | Note
-------+----------+-------------------------------------------
     0 | D:1      | Essalna the Gargoyle Earth Elementalist began the quest for
                  | the Orb.
     0 | D:1      | Reached XP level 1. HP: 10/10 MP: 3/3
   385 | D:1      | Reached skill level 4 in Earth Magic
   385 | D:1      | Reached XP level 2. HP: 12/15 MP: 5/5
  1096 | D:1      | Reached XP level 3. HP: 11/19 MP: 6/6
  1416 | D:2      | Found an opulent altar of Gozag.
  1451 | D:2      | Found a faded altar of an unknown god.
  1994 | D:2      | Learned a level 3 spell: Stone Arrow
  2003 | D:2      | Noticed Robin
  2021 | D:2      | Killed Robin
  2021 | D:2      | Reached XP level 4. HP: 22/24 MP: 2/8
  2059 | D:2      | Reached skill level 5 in Earth Magic
  2182 | D:2      | Noticed Natasha
  2187 | D:2      | Killed Natasha
  2633 | D:2      | Reached XP level 5. HP: 28/28 MP: 10/10
  2713 | D:2      | Noticed Natasha
  2721 | D:2      | Killed Natasha
  2914 | D:2      | Noticed Natasha
  2918 | D:2      | Killed Natasha
  3520 | D:3      | Reached skill level 6 in Earth Magic
  3524 | D:3      | Reached XP level 6. HP: 32/32 MP: 5/12
  3747 | D:3      | Noticed Grinder
  3747 | D:3      | Paralysed by Grinder for 3 turns
  3760 | D:3      | Killed Grinder
  3760 | D:3      | Reached skill level 7 in Earth Magic
  3760 | D:3      | Reached XP level 7. HP: 27/36 MP: 0/14
  3983 | D:3      | Reached skill level 5 in Spellcasting
  4642 | D:4      | Found a shattered altar of Ashenzari.
  5003 | D:5      | Entered Level 5 of the Dungeon
  5073 | D:5      | Reached skill level 8 in Earth Magic
  5331 | D:5      | Learned a level 5 spell: Lee's Rapid Deconstruction
  5367 | D:5      | Reached XP level 8. HP: 41/41 MP: 9/17
  5910 | D:6      | Found a sparkling altar of Nemelex Xobeh.
  5912 | D:6      | Found a bloodstained altar of Trog.
  5912 | D:6      | Found a burning altar of Makhleb.
  5914 | D:6      | Found a glowing golden altar of the Shining One.
  5915 | D:6      | Found a stormy altar of Qazlal.
  5916 | D:6      | Found a shimmering blue altar of Sif Muna.
  5917 | D:6      | Found a snail-covered altar of Cheibriados.
  5930 | D:6      | Found a staircase to the Ecumenical Temple.
  5939 | Temple   | Entered the Ecumenical Temple
  5953 | Temple   | Became a worshipper of Vehumet
  5962 | D:6      | Reached skill level 9 in Earth Magic
  6652 | D:6      | Reached skill level 10 in Earth Magic
  6782 | D:6      | Reached XP level 9. HP: 46/46 MP: 9/20
  6783 | D:6      | Reached skill level 1 in Fighting
  6783 | D:6      | Reached skill level 1 in Armour
  6783 | D:6      | Reached skill level 1 in Conjurations
  7027 | D:6      | Reached * piety under Vehumet
  7027 | D:6      | Offered knowledge of Foxfire by Vehumet.
  7299 | D:7      | Learned a level 2 spell: Passwall
  7664 | D:7      | You fall into a shaft and drop 2 floors!
  7765 | D:8      | Found Daweff's Antique Weapon Emporium.
  7787 | D:8      | Reached XP level 10. HP: 49/56 MP: 13/22
  7944 | D:9      | Reached ** piety under Vehumet
  7961 | D:9      | Offered knowledge of Searing Ray by Vehumet.
  8113 | D:9      | Offered knowledge of Mephitic Cloud by Vehumet.
  8124 | D:9      | Reached skill level 11 in Earth Magic
  8447 | D:9      | Got a ripped robe
  8458 | D:9      | Identified the +5 robe of Ocsec Mao {rElec Str+4} (You
                  | found it on level 9 of the Dungeon)
  8537 | D:9      | Found Agiyloq's Book Boutique.
  8575 | D:9      | Reached *** piety under Vehumet
  9126 | D:8      | Offered knowledge of Airstrike by Vehumet.
  9334 | D:8      | Reached skill level 5 in Armour
  9355 | D:8      | Reached skill level 5 in Conjurations
  9547 | D:8      | Reached skill level 5 in Fighting
  9560 | D:8      | Identified the cursed +3 quarterstaff "Seivolun" {flame,
                  | rC+ Str+2 Dex+8 Stlth-}
  9595 | D:8      | Got a jewelled spear
  9709 | D:8      | Reached **** piety under Vehumet
  9799 | D:8      | Found a runed translucent door.
  9807 | D:8      | Reached XP level 11. HP: 63/63 MP: 23/23
  9856 | D:8      | Noticed a two-headed ogre
  9864 | D:8      | Offered knowledge of Sticky Flame by Vehumet.
  9866 | D:8      | Killed a two-headed ogre
 10115 | D:8      | Found a roughly hewn altar of Beogh.
 10276 | D:8      | Found a glowing silver altar of Zin.
 10578 | D:10     | Entered Level 10 of the Dungeon
 10599 | D:10     | Noticed a two-headed ogre
 10612 | D:10     | Killed a two-headed ogre
 10631 | D:10     | Reached ***** piety under Vehumet
 10631 | D:10     | Offered knowledge of Bolt of Magma by Vehumet.
 11032 | D:10     | Noticed Erica
 11038 | D:10     | Killed Erica
 11038 | D:10     | Reached skill level 5 in Dodging
 11121 | D:10     | Noticed an oklob plant
 11123 | D:10     | Found a staircase to the Lair.
 11127 | D:10     | Killed an oklob plant
 11169 | D:10     | Noticed an oklob plant
 11178 | D:10     | Killed an oklob plant
 11178 | D:10     | Reached skill level 12 in Earth Magic
 11280 | D:10     | Noticed Joseph
 11695 | D:10     | Noticed Urug
 11715 | D:10     | Slain by Urug

Levels and vault maps discovered:
D:1:      enne_arrival_octagon_isle, layout_basic, minmay_misc_feat_nine_boxes
D:2:      layout_rooms, grunt_gozag_breadcrumbs,
          chequers_ecumenical_altar_simple, first_ration, uniq_natasha,
          uniq_robin
D:3:      layout_rooms, uniq_grinder
D:4:      minmay_skewed_foursquare, layout_loops_cross,
          grunt_ashenzari_visionary [grunt_ashenzari_visionary_swamp,
          grunt_ashenzari_visionary_spider]
D:5:      layout_loops_cross, st_stairs_12
D:6:      layout_cave_pools, minitemple, minmay_temple_entry_statues_pillars,
          minmay_increasing_density
D:7:      layout_cave_pools, grunt_livestock
D:8:      cheibrodos_fzero, layout_rooms, kennysheep_little_box, serial_shops,
          shop_fountains, lightli_church_of_beogh
D:9:      minmay_imperfect_grid, layout_basic, serial_shops, nicolae_shop_stone
D:10:     minmay_four_partial_circles, layout_basic, dpeg_oklobed_lair,
          uniq_joseph, uniq_erica, uniq_maurice, uniq_urug
Temple:   cyrus_circular_temple

Skill      XL: |  1  2  3  4  5  6  7  8  9 10 11 |
---------------+----------------------------------+-----
Earth Magic    | 4 5 6 7 8 10 11 12 | 12.2
Spellcasting   | 3 4 6 7 8 9 |  9.4
Fighting       | 3 5 6 |  6.6
Armour         | 3 5 6 |  6.8
Conjurations   | 3 5 6 |  6.7
Dodging        | 3 4 5 |  5.5
Stealth        | |  2.1
Transmutations | |  0.7

Action                   |  1- 3 |  4- 6 |  7- 9 | 10-12 || total
-------------------------+-------+-------+-------+-------++-------
Melee: Spear             |   149 |   148 |   157 |       ||   454
       Whip              |       |       |   117 |    75 ||   192
       Staff             |       |       |       |    74 ||    74
 Cast: Sandblast         |     8 |    20 |    25 |    47 ||   100
       Stone Arrow       |       |     5 |    55 |   125 ||   185
       Lee's Rapid Decon |       |       |    19 |    66 ||    85
  Use: Scroll            |       |       |    13 |     5 ||    18
 Stab: Sleeping          |     3 |     2 |     4 |       ||     9
       Distracted        |       |       |       |     1 ||     1
  Eat: Chunk             |     4 |     6 |    20 |    23 ||    53
       Ration            |       |       |       |     1 ||     1
Armor: Robe              |    32 |    41 |   173 |   115 ||   361
Dodge: Dodged            |    78 |    86 |   248 |   172 ||   584

Table legend:
 A = Non-vault XP
 B = Vault XP
 C = Vault XP percentage of total XP
 D = Non-vault monster count
 E = Vault monster count
 F = Vault count percentage of total count
                 A         B        C        D         E       F
            +---------+---------+-------+---------+---------+-------
      Total |   10434 |    7694 |  42.4 |     212 |     111 |  34.4
            +---------+---------+-------+---------+---------+-------
        D:1 |      38 |       0 |   0.0 |      24 |       0 |   0.0
        D:2 |     129 |      71 |  35.5 |      21 |      13 |  38.2
        D:3 |     250 |     281 |  52.9 |      17 |       1 |   5.6
        D:4 |     284 |       2 |   0.7 |       5 |       1 |  16.7
        D:5 |     398 |     121 |  23.3 |      14 |       1 |   6.7
        D:6 |     647 |     416 |  39.1 |      12 |       9 |  42.9
        D:7 |     815 |     997 |  55.0 |      24 |       5 |  17.2
        D:8 |    2181 |    1409 |  39.2 |      33 |      37 |  52.9
        D:9 |    1203 |    1270 |  51.4 |      35 |      25 |  41.7
       D:10 |    4486 |    3127 |  41.1 |      26 |      19 |  42.2
     Temple |       3 |       0 |   0.0 |       1 |       0 |   0.0
            +---------+---------+-------+---------+---------+-------
